 Dungeon Crawl Stone Soup version 0.27.1-33-g824d729ab1 (webtiles) character file.

Game seed: 2013581443794151099

6282 austinbyrn the Basher (level 10, -7/99 HPs)
             Began as a Gargoyle Fighter on Dec 22, 2021.
             Was a Believer of Okawaru.
             Mangled by a troll (10 damage)
             ... on level 8 of the Dungeon.
             The game lasted 00:28:34 (12645 turns).

austinbyrn the Basher (Gargoyle Fighter)           Turns: 12645, Time: 00:28:36

Health: -7/99      AC: 25    Str: 21 (23) XL:     10   Next: 94%
Magic:  12/12      EV:  2    Int:  9      God:    Okawaru [**....]
Gold:   523        SH: 11    Dex:  9      Spells: 9/9 levels left

rFire    . . .     SeeInvis .   d - +2 whip (elec)
rCold    . . .     Faith    .   c - +0 kite shield
rNeg     + + +     Spirit   .   (armour currently unavailable)
rPois    ∞         Reflect  .   (helmet currently unavailable)
rElec    .         Harm     .   (cloak currently unavailable)
rCorr    .         Rampage  .   (gloves currently unavailable)
Will     .....     NoTele   +   (boots currently unavailable)
Stlth    +.........             (no amulet)
HPRegen  0.26/turn              (no ring)
MPRegen  0.13/turn              (no ring)

@: tree-form, hasted, very quick
A: stationary, stasis, torment immunity, boosted hp, sickness immunity, AC +7,
negative energy resistance 1, (electricity resistance), torment resistance 1,
petrification resistance
a: Renounce Religion, Heroism


You were on level 8 of the Dungeon.
You worshipped Okawaru.
Okawaru was pleased with you.
You were a tree.
You visited 2 branches of the dungeon, and saw 10 of its levels.
You also visited: Sewer.

You collected 523 gold pieces.

Inventory:

Hand Weapons
 a - a +0 flail
 d - a +2 whip of electrocution (weapon)
Missiles
 j - 3 datura-tipped darts
 p - 66 poisoned darts (quivered)
Armour
 b - a +0 scale mail (melded)
 c - a +0 kite shield (worn)
 u - a +0 cloak (melded)
 x - the +2 pair of boots of the Vestibule of Hell (melded) {rF+ Slay+2 Stlth+}
   (You found it on level 4 of the Dungeon)

   Slay:      It affects your accuracy & damage with ranged weapons and melee
   (+2).
   rF:        It protects you from fire.
   Stlth:     It makes you more stealthy.
 y - a +0 pair of gloves (melded)
 M - +0 steam dragon scales
Jewellery
 I - a ring of wizardry
Wands
 B - a wand of flame (21)
 J - a wand of acid (5)
 L - a wand of iceblast (10)
Scrolls
 f - a scroll of fog {unknown}
 k - 3 scrolls of noise
 l - 2 scrolls of immolation {unknown}
 m - a scroll of enchant weapon {unknown}
 n - a scroll of brand weapon {unknown}
 o - a scroll of magic mapping {unknown}
 q - a scroll of blinking {unknown}
 r - 4 scrolls of enchant armour {unknown}
 z - a scroll of torment {unknown}
 A - 3 scrolls of teleportation {unknown}
 C - a scroll of holy word {unknown}
 D - 2 scrolls of amnesia {unknown}
 E - 3 scrolls of identify
 F - a scroll of acquirement {unknown}
 K - a scroll of vulnerability {unknown}
Potions
 e - a potion of curing
 g - a potion of attraction {unknown}
 s - 2 potions of haste
 t - a potion of magic
 v - a potion of resistance {unknown}
 w - a potion of ambrosia {unknown}
 H - a potion of might


   Skills:
 + Level 9.2 Fighting
 * Level 11.3 Maces & Flails
 - Level 3.2 Armour
 + Level 9.3 Shields
 + Level 3.3 Invocations


You had 9 spell levels left.
You didn't know any spells.
Your spell library contained the following spells:

 Spells                   Type           Power      Damage    Failure   Level
 Freeze                   Ice            0%         1d3       63%         1
 Sting                    Tmut/Pois      0%         1d3       63%         1
 Ensorcelled Hibernation  Hex/Ice        0%         N/A       77%         2
 Passwall                 Tmut/Erth      0%         N/A       77%         2
 Poisonous Vapours        Pois/Air       0%         N/A       77%         2
 Spider Form              Tmut/Pois      0%         N/A       94%         3
 Swiftness                Air            0%         N/A       94%         3
 Olgreb's Toxic Radiance  Pois           0%         N/A       100%        4
 Invisibility             Hex            0%         N/A       100%        6
 Shadow Creatures         Summ           N/A        N/A       100%        6


Dungeon Overview and Level Annotations

Branches:
Dungeon (9/15)             Temple (1/1) D:7            Lair (0/6) D:8
    Orc (0/2) D:9           Sewer (visited)

Altars:
Ashenzari
Cheibriados
Dithmenos
Elyvilon
Fedhas
Gozag
Hepliaklqana
Kikubaaqudgha
Makhleb
Nemelex Xobeh
Okawaru
Qazlal
Ru
Sif Muna
Trog
Uskayaw
Vehumet
Wu Jian
Xom
Yredelemnul
Zin
The Shining One

Shops:
D:2 ?   D:3 =(   D:9 [


Innate Abilities, Weirdness & Mutations

You are a tree.
Your roots penetrate the ground, keeping you stationary.
You cannot be teleported.
You are immune to unholy pain and torment.
Your maximum health is greatly increased.
Your equipment is partially melded.
You are immune to sickness and miasma.
((Your stone body is resilient. (AC +7)))
You are immune to poison.
You resist negative energy. (rN+)
((You are resistant to electric shocks. (rElec)))
You are resistant to unholy torment.
You are immune to petrification.


Message History

You hit the troll but do no damage. The troll bites you.
The troll barely misses you. The troll claws you but does no damage.
You hit the troll.
The troll is lightly wounded.
Something hits you.
Deactivating autopickup; reactivate with Ctrl-A.
Something bites you.
You are too injured to fight recklessly!
You are too injured to fight recklessly!
You are too injured to fight recklessly!
You are too injured to fight recklessly!
You feel yourself speed up. The troll closely misses you. The troll claws you.
You block the troll's attack. Something hits you. You block something's attack.
Your shield prevents you from hitting the troll.
The troll is lightly wounded.
The troll bites you!
* * * LOW HITPOINT WARNING * * *
You block the troll's attack. The troll barely misses you.
You barely miss the troll.
The troll is lightly wounded.
Something hits you.
* * * LOW HITPOINT WARNING * * *
Something bites you.
* * * LOW HITPOINT WARNING * * *
Really quaff the potion of lignification?
You turn into a tree.
Your +0 cloak melds into your body.
Your +0 pair of gloves melds into your body.
The +2 pair of boots of the Vestibule of Hell {rF+ Slay+2 Stlth+} melds into your body.
Your +0 scale mail melds into your body.
Your roots penetrate the ground.
You block the troll's attack.
The troll claws you but does no damage. x2
Okay, then.
As you read the scroll of summoning, it crumbles to dust.
Wisps of shadow whirl around you... Something hits you but does no damage.
Something bites you!
* * * LOW HITPOINT WARNING * * *
The troll bites you.
* * * LOW HITPOINT WARNING * * *
The troll claws you!
You die...

####### ##.....÷.##.....
####.....### ##........####..
#..........####........(......
#............##..###........##
#...............## ###........
#................## ###...#..
#.................### ###.#..
##...........)T.....## ##...
#..†......c$♣.5.....## ##... ##
#............{.......## #.... .#
#.....................###....
.##
#......................##....
..#
##.....................#....#
..##
#.....................#....#
...#
#.........................##
[..####...................#....#
....###...................#...##


You could see a troll (ally target), a friendly centaur (summoned) and a
friendly shadow imp (summoned).

Vanquished Creatures
  A cyclops (D:8)
  A kobold demonologist (D:8)
  A hornet (D:7)
  Prince Ribbit (D:6)
  A wyvern (D:5)
  11 yaks
  A basilisk (D:8)
  A steam dragon (D:8)
  Menkaure (D:4)
  An acid dragon (D:8)
  5 orc warriors
  A sky beast (D:6)
  2 black bears (D:5)
  An ice beast (D:5)
  2 necrophages (D:6)
  2 centaurs
  3 kobold brigands
  3 bullfrogs
  3 scorpions
  2 water moccasin zombies
  2 water moccasin skeletons
  2 howler monkeys
  2 bullfrog zombies
  A centaur zombie (D:9)
  A gnoll shaman (D:8)
  2 hounds
  5 orc priests
  3 jellies
  2 iguanas
  8 orc wizards
  A hound skeleton (D:4)
  Robin (D:3)
  7 gnolls
  12 adders
  6 river rats
  A white imp (D:5)
  2 worms
  A dart slug (D:5)
  24 orcs
  6 ball pythons
  6 bats
  10 endoplasms
  A giant cockroach (D:2)
  12 goblins
  7 hobgoblins
  3 quokkas
  7 frilled lizards
  41 kobolds
  28 rats
248 creatures vanquished.

Vanquished Creatures (collateral kills)
  3 orcs (D:5)
3 creatures vanquished.

Vanquished Creatures (others)
  2 orcs (D:7)
  10 fungi (D:3)
  6 plants
  5 toadstools (D:3)
23 creatures vanquished.

Grand Total: 274 creatures vanquished

Notes
Turn   | Place    | Note
-------+----------+-------------------------------------------
     0 | D:1      | austinbyrn the Gargoyle Fighter began the quest for the
                  | Orb.
     0 | D:1      | Reached XP level 1. HP: 14/14 MP: 1/1
   451 | D:1      | Reached XP level 2. HP: 19/19 MP: 2/2
   968 | D:1      | Reached XP level 3. HP: 23/23 MP: 3/3
   971 | D:1      | Found a faded altar of an unknown god.
   987 | D:1      | Got Plato's Almanac of the Frostbite
  1271 | D:1      | Reached skill level 3 in Maces & Flails
  1759 | D:2      | Found a hazy altar of Hepliaklqana.
  1989 | D:2      | Found Lodou's Magic Scroll Shoppe.
  2052 | D:2      | Reached XP level 4. HP: 27/29 MP: 4/4
  2440 | D:3      | Found a shadowy altar of Dithmenos.
  2665 | D:3      | Noticed Robin
  3127 | D:3      | Killed Robin
  3329 | D:3      | Found Wusaffa's Jewellery Shop.
  3432 | D:3      | Found Iji Xura's Antique Weapon Shop.
  3498 | D:3      | Reached XP level 5. HP: 29/33 MP: 5/5
  3714 | D:2      | Reached skill level 4 in Maces & Flails
  4469 | D:3      | Found an ornate altar of the Wu Jian Council.
  4743 | D:4      | Found a basalt altar of Yredelemnul.
  4745 | D:4      | Found a glowing silver altar of Zin.
  4749 | D:4      | Found a burning altar of Makhleb.
  4750 | D:4      | Found an ancient bone altar of Kikubaaqudgha.
  4753 | D:4      | Found a stormy altar of Qazlal.
  4754 | D:4      | Found a hide-covered altar of Uskayaw.
  4808 | D:4      | Found a glowing drain.
  4814 | D:4      | Reached XP level 6. HP: 39/39 MP: 6/6
  4830 | Sewer    | Entered a sewer
  5519 | Sewer    | Reached skill level 5 in Maces & Flails
  5855 | D:4      | Reached skill level 5 in Fighting
  5855 | D:4      | Reached skill level 5 in Shields
  5855 | D:4      | Reached XP level 7. HP: 44/44 MP: 7/7
  6117 | D:4      | Identified the +2 pair of boots of the Vestibule of Hell
                  | {rF+ Slay+2 Stlth+}
  6199 | D:4      | Noticed Menkaure
  6204 | D:4      | Killed Menkaure
  6699 | D:5      | Entered Level 5 of the Dungeon
  6720 | D:5      | Reached skill level 6 in Maces & Flails
  6789 | D:5      | Reached XP level 8. HP: 43/51 MP: 8/8
  6941 | D:5      | Identified the +1 pair of boots of Negligence {Stlth+}
  7021 | D:5      | Reached skill level 7 in Maces & Flails
  7214 | D:5      | Noticed a yak
  7214 | D:5      | Noticed a yak
  7215 | D:5      | Noticed a yak
  7217 | D:5      | Noticed a yak
  7220 | D:5      | Noticed a yak
  7222 | D:5      | Killed a yak
  7266 | D:4      | Killed a yak
  7376 | D:4      | Killed a yak
  7396 | D:4      | Killed a yak
  7397 | D:4      | Reached skill level 8 in Maces & Flails
  7397 | D:4      | Reached XP level 9. HP: 48/56 MP: 9/9
  7596 | D:5      | Identified the +3 leather armour of Kindness {Dex+3}
  8027 | D:6      | Reached skill level 9 in Maces & Flails
  8355 | D:6      | Noticed Prince Ribbit
  8370 | D:6      | Killed Prince Ribbit
  9432 | D:7      | Found a staircase to the Ecumenical Temple.
  9437 | Temple   | Entered the Ecumenical Temple
  9467 | Temple   | Became a worshipper of Warmaster Okawaru
  9813 | D:7      | Reached skill level 10 in Maces & Flails
  9813 | D:7      | Reached XP level 10. HP: 55/64 MP: 10/10
 10261 | D:8      | Noticed a kobold demonologist
 10302 | D:7      | Reached * piety under Okawaru
 10743 | D:8      | Reached skill level 1 in Invocations
 11282 | D:8      | Killed a kobold demonologist
 11298 | D:8      | Noticed a cyclops
 11321 | D:8      | Killed a cyclops
 11471 | D:8      | Found a staircase to the Lair.
 11529 | D:8      | Reached ** piety under Okawaru
 11550 | D:7      | Reached skill level 11 in Maces & Flails
 11864 | D:9      | Found a radiant altar of Vehumet.
 12503 | D:9      | Found Riezih's Armour Shop.
 12504 | D:9      | Found a staircase to the Orcish Mines.
 12645 | D:8      | HP: 3/99 [troll (6)]
 12645 | D:8      | Mangled by a troll

Illustrated notes

Levels and vault maps discovered:
D:1:      dpeg_arrival_simpleton_c, layout_basic,
          shapermc_ecumenical_altar_rom_forum
D:2:      layout_basic, basic_altar, serial_shops, nicolae_shop_trees,
          minmay_pentomino_q4
D:3:      cheibrodos_fertilizer, layout_basic, mainiacjoe_overflow_tiny_flanked,
          nicolae_overflow_hidden_temple, serial_shops, nicolae_lakefront_shop,
          nicolae_shop_behind_doors, hangedman_decor_clover_reticule, uniq_robin
D:4:      layout_basic, minitemple, portal_sewer_entry_b, uniq_menkaure
D:5:      layout_rooms, kennysheep_crisscross, minmay_fractal_squares_gapless_5
D:6:      layout_basic, chequers_big_river, uniq_prince_ribbit1
D:7:      layout_loops_cross, temple_doors_ab
D:8:      layout_cave_pods, lair_entry_dummy, minmay_radiant
D:9:      minmay_the_grid_octo_tiled_squarecenter
          [minmay_the_grid_octo_thin_diamonds, minmay_the_grid_octo_clover,
          minmay_the_grid_octo_checkerflower, minmay_the_grid_octo_chip,
          minmay_the_grid_square_5x5_megaprize_diamond,
          minmay_the_grid_square_5x5_detours, minmay_the_grid_square_5x5_tie,
          minmay_the_grid_square_5x5_checkered_statues,
          minmay_the_grid_square_5x5_empty], layout_irregular_city,
          mainiacjoe_overflow_small_starburst, orc_david_3
Temple:   cyrus_circular_temple

Skill      XL: |  1  2  3  4  5  6  7  8  9 10 |
---------------+-------------------------------+-----
Maces & Flails | 3 4 5 6 8 10 11 | 11.3
Fighting       | 4 5 6 8 9 |  9.2
Shields        | 4 5 6 8 9 |  9.3
Invocations    | 3 |  3.3
Armour         | |  3.2

Action                   |  1- 3 |  4- 6 |  7- 9 | 10-12 || total
-------------------------+-------+-------+-------+-------++-------
Melee: Flail             |   141 |   203 |       |       ||   344
       Whip              |       |    57 |   250 |   245 ||   552
Throw: Dart              |       |    10 |    25 |    13 ||    48
  Use: Potion            |       |     3 |     2 |    10 ||    15
       Scroll            |       |       |     6 |     1 ||     7
 Stab: Distracted        |       |       |     1 |       ||     1
Armor: Scale mail        |    85 |   184 |   100 |   132 ||   501
       Skin              |       |       |       |     3 ||     3
Dodge: Dodged            |    52 |   103 |    60 |    57 ||   272
Block: Kite shield       |    86 |   175 |   105 |   136 ||   502
